 Dungeon Crawl Stone Soup version 0.23.2-11-gf996548c65 (webtiles) character file.

Game seed: 8151532567524894490

83 KristianNielsen the Skirmisher (level 4, -1/41 HPs)
             Began as a Hill Orc Fighter on June 6, 2019.
             Slain by an orc priest
             ... wielding a +0 whip
              (2 damage)
             ... on level 3 of the Dungeon.
             The game lasted 00:01:47 (1430 turns).

KristianNielsen the Skirmisher (Hill Orc Fighter)   Turns: 1430, Time: 00:01:48

Health: -1/41      AC:  8    Str: 19    XL:     4   Next: 44%
Magic:  4/4        EV:  7    Int:  8    God:
Gold:   209        SH:  9    Dex: 10    Spells: 3/3 levels left

rFire    . . .     SeeInvis .   a - +0 war axe
rCold    . . .     Gourm    .   c - +0 shield
rNeg     . . .     Faith    .   b - +0 scale mail
rPois    .         Spirit   .   (no helmet)
rElec    .         Reflect  .   (no cloak)
rCorr    .         Harm     .   t - +0 pair of gloves
MR       .....                  (no boots)
Stlth    ..........             (no amulet)
HPRegen  0.13/turn              (no ring)
MPRegen  0.09/turn              (no ring)

@: no status effects
A: no striking features
a: Convert to Beogh


You were on level 3 of the Dungeon.
You were not hungry.

You visited 1 branch of the dungeon, and saw 3 of its levels.

You collected 209 gold pieces.

Inventory:

Hand Weapons
 a - a +0 war axe (weapon)
Armour
 b - a +0 scale mail (worn)
 c - a +0 shield (worn)
 t - a +0 pair of gloves (worn)
Jewellery
 l - an uncursed amulet of rage {unknown}
 o - an uncursed amulet of the gourmand {unknown}
 q - a +3 ring of protection {unknown}
Scrolls
 e - a scroll of magic mapping {unknown}
 g - a scroll of enchant weapon {unknown}
 i - a scroll of identify {unknown}
 j - a scroll of immolation {unknown}
 k - a scroll of amnesia {unknown}
 n - 2 scrolls of teleportation {unknown}
 r - 2 scrolls of fog {unknown}
Potions
 d - a potion of might
 h - a potion of agility {unknown}
 m - 3 potions of flight {unknown}
 p - a potion of heal wounds {unknown}
 s - 2 potions of haste {unknown}
Comestibles
 f - 7 rations


   Skills:
 + Level 4.6 Fighting
 + Level 4.0 Axes
 + Level 4.2 Armour
 - Level 3.2 Shields


You had 3 spell levels left.
You didn't know any spells.
Your spell library was empty.

Dungeon Overview and Level Annotations

Branches:
Dungeon (3/15)

Altars:


Message History

You closely miss the orc. You barely miss the orc. You hit the orc.
You kill the orc!
The orc hits you from afar with a +0 trident.
* * * LOW HITPOINT WARNING * * *
The orc wizard gestures wildly while chanting.
The orc wizard flickers and vanishes!
Deactivating autopickup; reactivate with Ctrl-A.
The orc priest calls down the wrath of Beogh upon you.
Beogh smites you!
* * * LOW HITPOINT WARNING * * *
The orc completely misses you. The orc hits you but does no damage.
You barely miss the orc priest.
The orc priest is almost dead.
You closely miss the orc. You slash the orc!
You kill the orc!
You slash the orc!
You kill the orc!
The orc priest shouts, "Beogh is our master!
Accept the truth or die!"
The orc priest hits you with a +0 whip.
You die...

#.##..###......#
#.##...........
#.......#.#..#
###..#......#..#
#....#.......#
#>#.#.(......#
#####.#.#.#####..#
......#.#.#....[)####'#.
#####...#.#.....@)......
# ..###.######ooo..... #
#+# #. ......... #
......#.## .......# ..
........# # .........#
..........#


You could see an orc priest and 2 orcs.

Vanquished Creatures
  An orc priest (D:3)
  An adder (D:2)
  A dart slug (D:2)
  2 leopard geckos (D:2)
  3 orcs (D:3)
  3 giant cockroaches
  4 goblins
  5 hobgoblins
  3 jackals (D:2)
  5 kobolds
  5 bats
  3 frilled lizards
  4 rats
40 creatures vanquished.

Notes
Turn   | Place    | Note
-------+----------+-------------------------------------------
     0 | D:1      | KristianNielsen the Hill Orc Fighter began the quest for
                  | the Orb.
     0 | D:1      | Reached XP level 1. HP: 19/19 MP: 1/1
   168 | D:1      | Reached XP level 2. HP: 26/27 MP: 2/2
   887 | D:2      | Reached XP level 3. HP: 32/33 MP: 3/3
  1424 | D:3      | Reached XP level 4. HP: 34/41 MP: 4/4
  1429 | D:3      | HP: 1/41 [orc priest/divine providence (9)]
  1430 | D:3      | Slain by an orc priest

Skill      XL: |  1  2  3 |
---------------+----------+-----
Axes           | 3 4 |  4.0
Fighting       | 4 |  4.6
Armour         | 4 |  4.2
Shields        | |  3.2

Action                   |  1- 3 |  4- 6 || total
-------------------------+-------+-------++-------
Melee: War axe           |   107 |     6 ||   113
  Eat: Chunk             |     2 |       ||     2
Armor: Scale mail        |    60 |     8 ||    68
Dodge: Dodged            |    35 |     9 ||    44
Block: Shield            |    75 |     8 ||    83
